 Dungeon Crawl Stone Soup version 0.28-a0-819-g6ef7baa362 (webtiles) character file.

Game seed: 11454487967278841887

226 croobank the Insei (level 6, -2/58 HPs)
             Began as an Octopode Transmuter on Nov 9, 2021.
             Succumbed to Sigmund's poison
             ... on level 4 of the Dungeon.
             The game lasted 00:15:57 (3918 turns).

croobank the Insei (Octopode Transmuter)            Turns: 3918, Time: 00:15:58

Health: -2/58      AC: 23    Str: 11    XL:     6   Next: 1%
Magic:  8/9        EV:  2    Int: 15    God:
Gold:   89         SH:  3    Dex: 13    Spells: 2/9 levels left

rFire   . . .      SeeInvis .   o - +0 trident
rCold   + . .      Faith    .   g - +0 buckler
rNeg    . . .      Spirit   .   (helmet currently unavailable)
rPois   +          Reflect  .   (no amulet)
rElec   .          Harm     .   l - ring of protection from cold
rCorr   .          Rampage  .   (no ring)
Will    .....      NoTele   +   (no ring)
Stlth   ++........              (no ring)
HPRegen 0.19/turn               (no ring)
MPRegen 0.11/turn               (no ring)
                                (no ring)
                                (no ring)

@: mighty, brilliant, lethally poisoned (-2 -> -17), tree-form, wereblooded
A: stationary, stasis, torment immunity, boosted hp, almost no armour,
(amphibious), 8 rings, (camouflage 1), (gelatinous body 1), (nimble swimmer 1),
(tentacles)
a: no special abilities


You were on level 4 of the Dungeon.
You were a tree.
You visited 1 branch of the dungeon, and saw 4 of its levels.

You collected 89 gold pieces.

Inventory:

Hand Weapons
 a - a +0 hand axe
 b - a +0 short sword
 o - a +0 trident (weapon)
 q - a +2 flail of protection
Missiles
 c - 88 stones
 d - 17 bolts
 e - a boomerang
 i - 17 arrows
Armour
 g - a +0 buckler (worn)
Magical Staves
 n - a staff of poison
Jewellery
 l - a ring of protection from cold (left branch)
Wands
 f - a wand of polymorph (10)
Scrolls
 h - a scroll of vulnerability {unknown}
 k - a scroll of teleportation


   Skills:
 + Level 2.1 Fighting
 + Level 1.7 Polearms
 + Level 2.7 Dodging
 + Level 3.0 Stealth
 + Level 4.3 Unarmed Combat
 + Level 2.3 Spellcasting
 + Level 2.4 Transmutations


You had 2 spell levels left.
You knew the following spells:

 Your Spells              Type           Power      Damage    Failure   Level
a - Beastly Appendage     Tmut           26%        N/A       13%         1
b - Wereblood             Tmut           13%        N/A       21%         2
c - Spider Form           Tmut/Pois      8%         N/A       54%         3
d - Shock                 Conj/Air       8%         1d3       34%         1

Your spell library contained the following spells:

 Spells                   Type           Power      Damage    Failure   Level
 Swiftness                Air            2%         N/A       71%         3
 Ice Form                 Ice/Tmut       8%         N/A       91%         4
 Airstrike                Air            1%         N/A       98%         4


Dungeon Overview and Level Annotations

Branches:
Dungeon (4/15)
 Temple: D:4-7

Altars:
Dithmenos
Hepliaklqana
Kikubaaqudgha
Uskayaw

Annotations:
D:4 Sigmund


Innate Abilities, Weirdness & Mutations

You are a tree.
Your roots penetrate the ground, keeping you stationary.
You cannot be teleported.
You are immune to unholy pain and torment.
Your maximum health is greatly increased.
You cannot wear most types of armour.
((You are amphibious.))
You can wear up to eight rings at the same time.
((Your skin changes colour to match your surroundings (Stealth+).))
((Your rubbery body absorbs attacks. (AC +1, EV +1)))
((You are camouflaged near water. (Stealth+)))
((You have tentacles for arms and can constrict up to eight enemies at once.))


Message History

You feel very sick.
Sigmund hits you with a +2 scythe of venom.
You are more poisoned.
You barely miss Sigmund.
Sigmund is moderately wounded.
You constrict Sigmund.
You feel very sick. Sigmund gestures at you while chanting.
You are confused.
You completely miss Sigmund. You squeeze Sigmund.
Sigmund is moderately wounded.
You constrict Sigmund.
You feel very sick.
Sigmund hits you with a +2 scythe of venom!
* * * LOW HITPOINT WARNING * * *
You barely miss Sigmund. You tentacle-slap Sigmund!
Sigmund is almost dead.
You constrict Sigmund.
* * * LOW HITPOINT WARNING * * *
You feel very sick. Sigmund barely misses you.
You release your grip on Sigmund.
* * * LOW HITPOINT WARNING * * *
You feel sick.
You see here a +0 flail.
Okay, then.
You feel better. Sigmund barely misses you.
As you read the scroll of fog, it crumbles to dust.
The scroll dissolves into smoke.
Sigmund barely misses you.
Sigmund hits you from afar with a +2 scythe of venom!
* * * LOW HITPOINT WARNING * * *
You are lethally poisoned!
It was a potion of lignification.
You turn into a tree.
Your roots penetrate the ground.
* * * LOW HITPOINT WARNING * * *
You feel very sick. You block Sigmund's attack.
It was a potion of brilliance.
You feel clever all of a sudden.
You die...

##### #### #... ...#
#... ...
#..######.###
#§@§§.....#[##
##§§§........#.
#§§♣§§.........
#######..###### ##
............... ..#
###.........### #.#
#.##......# #.# ..
#.......#
#.########.......#
#................#
####..#######.......#


You could see Sigmund.

Vanquished Creatures
  A scorpion (D:4)
  An iguana (D:4)
  An orc wizard (D:2)
  3 adders
  3 gnolls (D:4)
  A worm (D:3)
  A dart slug (D:1)
  4 orcs
  4 bats (D:1)
  6 endoplasms
  5 goblins
  3 hobgoblins
  8 kobolds
  2 quokkas
  5 ball pythons
  7 frilled lizards
  2 rats (D:1)
57 creatures vanquished.

Notes
Turn   | Place    | Note
-------+----------+-------------------------------------------
     0 | D:1      | croobank the Octopode Transmuter began the quest for the
                  | Orb.
     0 | D:1      | Reached XP level 1. HP: 13/13 MP: 3/3
   150 | D:1      | Reached XP level 2. HP: 11/18 MP: 5/5
   461 | D:1      | Learned a level 2 spell: Wereblood
   832 | D:1      | Reached XP level 3. HP: 23/23 MP: 6/6
  1386 | D:2      | Reached skill level 1 in Stealth
  1625 | D:2      | Found a faded altar of an unknown god.
  1739 | D:2      | Reached XP level 4. HP: 11/28 MP: 7/7
  2054 | D:2      | Reached skill level 4 in Unarmed Combat
  2398 | D:3      | Found a hide-covered altar of Uskayaw.
  2452 | D:3      | Found a shadowy altar of Dithmenos.
  2452 | D:3      | Found a hazy altar of Hepliaklqana.
  2453 | D:3      | Found an ancient bone altar of Kikubaaqudgha.
  2479 | D:3      | Learned a level 3 spell: Spider Form
  3127 | D:4      | Reached XP level 5. HP: 17/33 MP: 3/8
  3129 | D:4      | Reached skill level 1 in Polearms
  3382 | D:4      | Learned a level 1 spell: Shock
  3881 | D:4      | Reached XP level 6. HP: 39/39 MP: 9/9
  3901 | D:4      | Noticed Sigmund
  3917 | D:4      | HP: 1/58 [poisoned by Sigmund]
  3918 | D:4      | Succumbed to Sigmund's poison

Illustrated notes

Levels and vault maps discovered:
D:1:      psy_arrival_wood_between_worlds, layout_basic, interstate_on_off,
          minmay_heptomino_w4
D:2:      layout_rooms, ebering_ecumenical_altar_abandoned
D:3:      layout_loops_ring, nicolae_uskayaw_dance_hall,
          chequers_temple_overflow_statue_of_worship
D:4:      layout_basic, sigmund_edmund_badplayer

Skill      XL: |  1  2  3  4  5 |
---------------+----------------+-----
Stealth        | 2 3 |  3.0
Unarmed Combat | 4 |  4.3
Polearms       | 1 |  1.7
Fighting       | 2 |  2.1
Dodging        | |  2.7
Spellcasting   | |  2.3
Transmutations | |  2.4

Action                   |  1- 3 |  4- 6 || total
-------------------------+-------+-------++-------
Melee: Unarmed           |    80 |     4 ||    84
       Constrict         |    19 |    10 ||    29
       Tentacles         |    14 |     9 ||    23
       Trident           |    10 |    35 ||    45
       Short sword       |     4 |       ||     4
       Punch             |     1 |     2 ||     3
 Cast: Wereblood         |     1 |     2 ||     3
       Spider Form       |       |     1 ||     1
       Beastly Appendage |       |     1 ||     1
  Use: Scroll            |     1 |     4 ||     5
       Potion            |       |     6 ||     6
 Stab: Sleeping          |     4 |     4 ||     8
Armor: Skin              |    17 |       ||    17
Dodge: Dodged            |    68 |    17 ||    85
Block: Buckler           |     2 |     2 ||     4

Table legend: (Time is in decaauts)
 A = Elapsed time spent in this place.
 B = Non-inter-level travel time spent in this place.
 C = Inter-level travel time spent in this place.
 D = Time resting spent in this place.
 E = Time spent auto-exploring this place.
 F = Levels seen in this place.
 G = Mean time per level.
                   A        B        C        D        E       F      G
               +--------+--------+--------+--------+--------+-----+--------+
         Total |   3927 |   3880 |     47 |   1160 |   2049 |   4 |  981.8 |
       Dungeon |   3927 |   3880 |     47 |   1160 |   2049 |   4 |  981.8 |
               +--------+--------+--------+--------+--------+-----+--------+

Top non-repeatable levels by time:
     D:1: 1361 daAuts
     D:2: 1037 daAuts
     D:4: 806 daAuts
     D:3: 721 daAuts
